 Dungeon Crawl Stone Soup version 0.30-a0-364-gf6b3ef1049 (webtiles) character file.

Game seed: 1612052242322185290

142 sleeves the Slasher (level 5, -3/41 HPs)
             Began as a Demonspawn Monk on Nov 14, 2022.
             Slain by Duvessa
             ... wielding a +0 rapier
              (11 damage)
             ... on level 5 of the Dungeon.
             The game lasted 00:02:28 (1629 turns).

sleeves the Slasher (Demonspawn Monk)               Turns: 1629, Time: 00:02:28

Health: -3/41      AC:  5    Str: 11    XL:     5   Next: 3%
Magic:  5/5        EV: 18    Int: 12    God:
Gold:   146        SH:  0    Dex: 17    Spells: 4/4 levels left

rFire   . . .      SeeInvis .    m - +3 dagger
rCold   . . .      Faith    .    (no shield)
rNeg    . . .      Spirit   .    i - +0 ring mail
rPois   .          Reflect  .    (no helmet)
rElec   .          Harm     .    (no cloak)
rCorr   .          Rampage  .    (no gloves)
Will    .....                    (no boots)
Stlth   +.........               (no amulet)
HPRegen 0.26/turn                n - +4 ring of evasion
MPRegen 0.09/turn                o - +4 ring of slaying

@: no status effects
A: repulsion field 2, demonic touch 2
a: no special abilities


You were on level 5 of the Dungeon.
You visited 1 branch of the dungeon, and saw 4 of its levels.

You collected 146 gold pieces.

Inventory:

Hand Weapons
 a - a +0 falchion
 m - a +3 dagger (weapon)
   (You found it on level 2 of the Dungeon)
Armour
 i - a +0 ring mail (worn)
   (You found it on level 1 of the Dungeon)
Jewellery
 n - a +4 ring of evasion (left hand)
   (You found it on level 2 of the Dungeon)
 o - a +4 ring of slaying (right hand)
   (You found it on level 3 of the Dungeon)
Scrolls
 b - a scroll of noise {unknown}
 g - a scroll of blinking {unknown}
 h - a scroll of teleportation {unknown}
 j - 2 scrolls of identify {unknown}
 l - a scroll of enchant armour {unknown}
Potions
 c - 5 potions of ambrosia
 d - 5 potions of curing {unknown}
 e - 2 potions of attraction {unknown}
 f - 2 potions of mutation {unknown}
 k - a potion of might {unknown}


   Skills:
 - Level 3.0 Fighting
 + Level 5.2 Long Blades
 - Level 2.6 Dodging
 - Level 1.7 Stealth


You had 4 spell levels left.
You didn't know any spells.
Your spell library contained the following spells:

 Spells                   Type           Power      Damage    Failure   Level
 Freezing Cloud           Conj/Ice/Air   0%         6-21      100%        5
 Simulacrum               Ice/Necr       0%         N/A       100%        6
 Polar Vortex             Ice            0%         N/A       100%        9


Dungeon Overview and Level Annotations

Branches:
Dungeon (3/15)

Altars:

Annotations:
D:5 Duvessa


Innate Abilities, Weirdness & Mutations

You are surrounded by a moderate repulsion field. (EV +3)
Your touch may inflict irresistible damage on your foes.


Message History

Welcome, sleeves the Demonspawn Monk.
Are you destined to find the marvelous Orb of Zot, or to die trying?
Press ? for a list of commands and other information.
Found 4 stones and 9 gold pieces.
Found a staircase leading out of the dungeon.
You now have 9 gold pieces.
You see here 2 stones.
You open the door.
There is an open door here.
Found a stone staircase leading down.
d - a purple potion A dart slug comes into view.
A dart slug is nearby!
Found a stone staircase leading down.
You see here a potion of ambrosia.
You hit the dart slug.
The dart slug is lightly wounded.
The dart slug launches a dart at you. The slug dart hits you.
You completely miss the dart slug.
The dart slug is lightly wounded.
You barely miss the dart slug.
The dart slug is lightly wounded.
The dart slug barely misses you.
You hit the dart slug.
The dart slug is lightly wounded.
The dart slug launches a dart at you. The slug dart hits you.
You hit the dart slug.
The dart slug is moderately wounded.
The dart slug bites you.
You hit the dart slug.
The dart slug is severely wounded.
The dart slug closely misses you.
You hit the dart slug.
The dart slug is almost dead.
A dart slug is nearby!
A dart slug is nearby!
A dart slug is nearby!
You hit the dart slug.
You kill the dart slug!
No target in view!
No target in view!
No target in view!
No target in view!
No target in view!
HP restored.
c - 2 potions of ambrosia (gained 1)
You now have 18 gold pieces (gained 9).
e - a red potion A kobold comes into view.
It is wielding a +0 club.
A kobold is nearby!
A bat and a goblin come into view.
The goblin shouts!
The kobold shouts!
The bat hits you. The bat attacks as you move away!
The bat hits you but does no damage. The bat barely misses you.
The bat barely misses you. The bat hits you but does no damage.
The goblin hits you with a +0 dagger.
You closely miss the goblin. The bat barely misses you.
The goblin hits you but does no damage.
You hit the goblin.
The goblin is heavily wounded.
The bat closely misses you. The bat barely misses you.
The goblin hits you but does no damage. The bat hits you but does no damage.
You closely miss the goblin.
The goblin is heavily wounded.
The bat hits you but does no damage. x2; The goblin closely misses you.
The bat closely misses you.
You hit the goblin.
You kill the goblin!
The bat barely misses you. The bat misses you.
Your Long Blades skill increases to level 3!
You barely miss the kobold. You punch the kobold.
The kobold is heavily wounded.
The bat closely misses you. The bat hits you. The kobold barely misses you.
The bat misses you. The kobold hits you but does no damage.
The kobold attacks as you move away! The kobold closely misses you.
The bat hits you.
You closely miss the bat. The bat barely misses you.
You closely miss the kobold.
The kobold is heavily wounded.
The kobold hits you with a +0 club.
You barely miss the kobold.
The kobold is heavily wounded.
The kobold hits you but does no damage.
You barely miss the kobold.
The kobold is heavily wounded.
The kobold barely misses you.
You closely miss the kobold.
The kobold is heavily wounded.
The kobold barely misses you.
You closely miss the kobold.
The kobold is heavily wounded.
The kobold hits you with a +0 club. The kobold hits you but does no damage.
You hit the kobold.
You kill the kobold!
The bat barely misses you. x2
You barely miss the bat. The bat hits you.
You hit the bat.
The bat is severely wounded.
The bat hits you but does no damage.
You hit the bat.
You kill the bat!
No target in view!
No target in view!
Things that are here:
a +0 club; a bat corpse; a kobold corpse You see here a +2 mace of protection.
A giant cockroach comes into view.
A giant cockroach is nearby!
A giant cockroach is nearby!
A frilled lizard comes into view.
Found 12 gold pieces, a glowing sapphire potion, a dagger and a purple potion.
The frilled lizard hisses angrily.
You hear a shout!
The giant cockroach bites you.
A hobgoblin comes into view.
A kobold comes into view. It is wielding a +0 short sword.
The giant cockroach barely misses you.
The frilled lizard moves out of view.
You hear a shout!
You closely miss the giant cockroach.
You hear a shout!
A hobgoblin comes into view.
The giant cockroach misses you.
You completely miss the giant cockroach.
The giant cockroach barely misses you. The giant cockroach misses you.
You slash the giant cockroach!
You kill the giant cockroach!
You have reached level 2!
Your demonic ancestry asserts itself...
Your hands begin to faintly glow with unholy energy.
You slash the frilled lizard!
You kill the frilled lizard!
The kobold throws a stone.
The stone misses you. The kobold barely misses you.
You see here a frilled lizard corpse.
You barely miss the kobold. The kobold hits you but does no damage.
You slash the kobold!
You kill the kobold!
You slash the hobgoblin!
You kill the hobgoblin!
The hobgoblin barely misses you.
You hit the hobgoblin but do no damage. The hobgoblin misses you.
You closely miss the hobgoblin.
You touch the hobgoblin.
You kill the hobgoblin!
No target in view!
No target in view!
No target in view!
No target in view!
No target in view!
No target in view!
No target in view!
No target in view!
No target in view!
No target in view!
No target in view!
No target in view!
No target in view!
No target in view!
No target in view!
Are you sure you want to abandon this character and quit the game? (Confirm with "yes".)
Okay, then.
Are you sure you want to abandon this character and quit the game? (Confirm with "yes".)
Okay, then.
Are you sure you want to abandon this character and quit the game? (Confirm with "yes".)
Okay, then.
Unknown command.
Unknown command.
e - 2 red potions (gained 1)
You see here a hobgoblin corpse.
A kobold comes into view. It is wielding a +0 short sword.
A hobgoblin comes into view.
There are monsters nearby!
There are monsters nearby!
There are monsters nearby!
There are monsters nearby!
There are monsters nearby!
There are monsters nearby!
There are monsters nearby!
There are monsters nearby!
There are monsters nearby!
There are monsters nearby!
There are monsters nearby!
There are monsters nearby!
There are monsters nearby!
There are monsters nearby!
No target in view!
No target in view!
No target in view!
No target in view!
No target in view!
No target in view!
No target in view!
No target in view!
No target in view!
No target in view!
No target in view!
No target in view!
A kobold is nearby!
A kobold is nearby!
The kobold barely misses you.
You hit the kobold.
The kobold is moderately wounded.
The kobold hits you with a +0 short sword.
You hit the kobold but do no damage.
You touch the kobold.
You kill the kobold!
No target in view!
No target in view!
No target in view!
No target in view!
No target in view!
No target in view!
No target in view!
No target in view!
You now have 30 gold pieces (gained 12).
You see here a +0 whip.
f - a glowing sapphire potion
Found 6 stones.
d - 2 purple potions (gained 1)
A kobold comes into view. It is wielding a +0 dagger.
The kobold shouts!
You slash the kobold!
You kill the kobold!
No target in view!
No target in view!
No target in view!
No target in view!
No target in view!
No target in view!
No target in view!
No target in view!
A bat comes into view.
Found 7 gold pieces.
A bat is nearby!
A bat is nearby!
You see here 7 gold pieces.
The helpless bat fails to defend itself.
You slash the bat!
You kill the bat!
No target in view!
No target in view!
No target in view!
No target in view!
You now have 37 gold pieces (gained 7).
You pick up a book of Ice and begin reading...
You add the spells Freezing Cloud, Simulacrum and Polar Vortex to your library.
A goblin comes into view. It is wielding a +0 club.
The goblin shouts!
A goblin is nearby!
You slash the goblin!
You kill the goblin!
No target in view!
No target in view!
No target in view!
No target in view!
No target in view!
g - a scroll labelled LAOHEI UJUE
h - a scroll labelled RISUNU CEDA
c - 3 potions of ambrosia (gained 1)
A quokka comes into view.
A kobold comes into view. It is wielding a +0 short sword.
You slash the quokka!
You kill the quokka!
You see here a quokka corpse.
The kobold shouts!
The kobold hits you with a +0 short sword.
You closely miss the kobold.
The kobold hits you with a +0 short sword.
The kobold barely misses you.
You slash the kobold!
You kill the kobold!
No target in view!
You see here a +0 short sword.
Found 8 stones.
You see here 8 stones.
A ball python comes into view.
The ball python hisses angrily.
The ball python closely misses you. The ball python grabs you.
The ball python constricts you. The ball python bites you.
The ball python constricts you.
You hit the ball python.
The ball python is moderately wounded.
The ball python bites you but does no damage.
The ball python constricts you.
You hit the ball python.
You touch the ball python.
You kill the ball python!
No target in view!
No target in view!
No target in view!
No target in view!
No target in view!
No target in view!
No target in view!
No target in view!
You now have 47 gold pieces (gained 10).
A hobgoblin is nearby!
A hobgoblin is nearby!
A hobgoblin is nearby!
The hobgoblin shouts!
The hobgoblin hits you.
You barely miss the hobgoblin. The hobgoblin closely misses you.
You closely miss the hobgoblin.
You touch the hobgoblin.
You kill the hobgoblin!
No target in view!
No target in view!
No target in view!
No target in view!
No target in view!
No target in view!
No target in view!
A hobgoblin comes into view.
A hobgoblin is nearby!
Found 12 gold pieces.
Found a stone staircase leading down.
An endoplasm comes into view.
The hobgoblin shouts!
The endoplasm quivers.
You hear a shout!
The endoplasm hits you.
You hit the endoplasm.
You touch the endoplasm.
You kill the endoplasm!
You hit the hobgoblin.
You touch the hobgoblin.
You kill the hobgoblin!
A hobgoblin comes into view.
Found a chain mail.
You barely miss the hobgoblin. Your touch misses the hobgoblin.
The hobgoblin closely misses you.
You hit the hobgoblin but do no damage. The hobgoblin misses you.
A goblin comes into view. It is wielding a +0 club.
The hobgoblin completely misses you.
You slash the hobgoblin!
You kill the hobgoblin!
There is a stone staircase leading down here.
You see here a hobgoblin corpse.
You closely miss the goblin. The goblin hits you with a +0 club.
A goblin is nearby!
A goblin is nearby!
You hit the goblin. Your touch misses the goblin.
The goblin is severely wounded.
The goblin barely misses you.
You barely miss the goblin.
You touch the goblin.
You kill the goblin!
No target in view!
No target in view!
No target in view!
No target in view!
You now have 59 gold pieces (gained 12).
You see here a +0 club.
There is a stone staircase leading down here.
You see here a hobgoblin corpse.
You see here a hobgoblin corpse.
A frilled lizard comes into view.
A frilled lizard is nearby!
A frilled lizard is nearby!
The frilled lizard barely misses you.
You miss the frilled lizard. The frilled lizard misses you.
You closely miss the frilled lizard. The frilled lizard bites you.
You barely miss the frilled lizard.
The frilled lizard hisses.
The frilled lizard closely misses you.
You slash the frilled lizard!
You kill the frilled lizard!
No target in view!
No target in view!
No target in view!
No target in view!
f - 2 glowing sapphire potions (gained 1)
You open the door.
There is an open door here.
Found a ring mail.
You now have 65 gold pieces (gained 6).
There is a dry fountain here.
You see here 2 stones.
There is an open door here.
A rat comes into view.
A rat is nearby!
The rat bites you.
You barely miss the rat. The rat barely misses you.
You hit the rat.
You kill the rat!
No target in view!
No target in view!
No target in view!
No target in view!
No target in view!
No target in view!
No target in view!
No target in view!
No target in view!
No target in view!
You see here a rat corpse.
A goblin comes into view. It is wielding a +0 club.
A goblin is nearby!
A goblin is nearby!
A frilled lizard comes into view.
The goblin closely misses you.
You barely miss the goblin. The goblin barely misses you.
You barely miss the goblin. The goblin hits you with a +0 club.
You barely miss the goblin. Your touch misses the goblin.
The frilled lizard hisses angrily.
The goblin hits you with a +0 club.
You hit the goblin.
You kill the goblin!
You have reached level 3!
Your experience leads to an increase in your attributes!
Increase (S)trength, (I)ntelligence, or (D)exterity?
You feel agile. x2; Your demonic ancestry asserts itself...
Your hands glow brighter with unholy energy.
The frilled lizard misses you.
You hit the frilled lizard.
You kill the frilled lizard!
No target in view!
No target in view!
No target in view!
No target in view!
No target in view!
No target in view!
You see here a rat corpse.
You see here a +2 mace of protection.
Done exploring.
Done exploring.
Search for what [? for help]? ring
There is an open door here.
You see here a +0 ring mail.
i - a +0 ring mail You start removing your armour.
You continue taking off your +0 robe. x4
You finish taking off your +0 robe.
You start putting on your armour.
You continue putting on your +0 ring mail. x5
You finish putting on your +0 ring mail.
You drop a +0 robe.
(D) Dungeon
Where to? (Enter - D:1 @ (x,y), ? - help)
There is a fountain of clear blue water here.
There is an open door here.
There is a stone staircase leading down here.
You climb downwards.
There is a stone staircase leading up here.
A hobgoblin comes into view.
Found a scale mail.
A hobgoblin is nearby!
A hobgoblin is nearby!
The hobgoblin shouts!
Found a scroll labelled TEIQUFO NUUPTY.
The hobgoblin hits you but does no damage.
You closely miss the hobgoblin.
You touch the hobgoblin.
You kill the hobgoblin!
No target in view!
No target in view!
No target in view!
No target in view!
No target in view!
No target in view!
No target in view!
An endoplasm comes into view.
An endoplasm is nearby!
An endoplasm is nearby!
The endoplasm quivers.
You hit the endoplasm.
You touch the endoplasm.
You kill the endoplasm!
No target in view!
No target in view!
No target in view!
No target in view!
No target in view!
No target in view!
No target in view!
No target in view!
b - a scroll labelled TEIQUFO NUUPTY
j - a scroll labelled TUGIAT MUDOQO
k - an emerald potion No target in view!
No target in view!
No target in view!
No target in view!
No target in view!
No target in view!
No target in view!
No target in view!
No target in view!
You now have 75 gold pieces (gained 10).
A bat comes into view.
A bat is nearby!
A bat is nearby!
The bat completely misses you.
You closely miss the bat. The bat hits you but does no damage.
The teleport trap disappears.
The bat disappears!
The bat reappears nearby!
The bat closely misses you.
You closely miss the bat. The bat hits you but does no damage.
You barely miss the bat. The bat barely misses you.
You miss the bat. Your touch misses the bat. The bat barely misses you.
You closely miss the bat. The bat closely misses you.
You hit the bat.
You kill the bat!
No target in view!
No target in view!
No target in view!
No target in view!
No target in view!
No target in view!
Found a leather armour.
Found a stone staircase leading down.
d - 3 purple potions (gained 1)
c - 4 potions of ambrosia (gained 1)
Found a leather armour.
No target in view!
No target in view!
No target in view!
No target in view!
No target in view!
You see here a +0 leather armour.
You now have 82 gold pieces (gained 7).
You now have 90 gold pieces (gained 8).
Found a dagger.
A jackal comes into view.
The jackal moves out of view.
Found a hand axe.
Found a runed dagger.
A rat comes into view.
Found a purple potion.
The jackal barks!
You hear a bark!
A jackal comes into view.
The jackal bites you but does no damage.
You closely miss the jackal.
You touch the jackal.
You kill the jackal!
You barely miss the jackal. The jackal misses you.
The jackal barely misses you.
You hit the jackal.
You touch the jackal.
You kill the jackal!
A rat is nearby!
You barely miss the rat. The rat bites you.
You hit the rat.
You kill the rat!
Your Long Blades skill increases to level 4!
No target in view!
No target in view!
No target in view!
No target in view!
No target in view!
No target in view!
HP restored.
d - 4 purple potions (gained 1)
You see here a +3 dagger.
You see here a +0 dagger.
l - a scroll labelled QUASIZX JEOSO Search for what [Enter for "ring", or ? for help]? dag You see here a +3 dagger.
m - a +3 dagger
m - a +3 dagger (weapon)
Found a hand axe.
A bat comes into view.
Found 16 gold pieces.
Found a stone staircase leading up.
The bat moves out of view.
Found an escape hatch in the floor.
No target in view!
No target in view!
No target in view!
No target in view!
No target in view!
No target in view!
No target in view!
No target in view!
No target in view!
No target in view!
You now have 106 gold pieces (gained 16).
Found 6 poisoned darts.
Found an escape hatch in the ceiling.
You now have 110 gold pieces (gained 4).
c - 5 potions of ambrosia (gained 1)
A bat is nearby!
You see here a +4 ring of evasion.
You closely miss the bat.
You touch the bat.
You kill the bat!
No target in view!
No target in view!
No target in view!
No target in view!
No target in view!
No target in view!
n - a +4 ring of evasion No target in view!
n - a +4 ring of evasion (left hand)
j - 2 scrolls labelled TUGIAT MUDOQO (gained 1)
You now have 122 gold pieces (gained 12).
d - 5 purple potions (gained 1)
Found a stone staircase leading down.
Found a stone staircase leading up.
There is a stone staircase leading down here.
An adder comes into view.
The adder completely misses you.
You miss the adder. Your touch misses the adder. The adder misses you.
You hit the adder.
You touch the adder!
You kill the adder!
No target in view!
No target in view!
No target in view!
No target in view!
No target in view!
No target in view!
No target in view!
No target in view!
You see here an adder corpse.
Key pressed, stopping explore.
Found a stone staircase leading down.
Done exploring.
No target in view!
No target in view!
No target in view!
No target in view!
No target in view!
No target in view!
No target in view!
No target in view!
Done exploring.
Done exploring.
Done exploring.
(D) Dungeon
Where to? (Enter - D:2 @ (x,y), ? - help)
There is a stone staircase leading down here.
You climb downwards.
Found a stone staircase leading down.
There is a stone staircase leading up here.
There is a stone staircase leading down here.
An orc comes into view. It is wielding a +0 short sword.
An orc is nearby!
A ball python and a dart slug come into view.
The orc shouts!
You puncture the orc!
You kill the orc!
The dart slug launches a dart at you.
The slug dart hits you but does no damage.
A ball python comes into view.
The ball python hisses angrily.
You hit the dart slug.
You touch the dart slug!
You kill the dart slug!
The ball python closely misses you. The ball python misses you.
You hit the ball python.
The ball python is moderately wounded.
The ball python barely misses you. x2
You hit the ball python.
You kill the ball python!
The ball python closely misses you. The ball python grabs you.
The ball python constricts you.
You hit the ball python. Your touch misses the ball python.
The ball python is heavily wounded.
The ball python bites you. The ball python constricts you.
You closely miss the ball python.
You touch the ball python.
You kill the ball python!
No target in view!
No target in view!
No target in view!
No target in view!
No target in view!
No target in view!
HP restored.
You see here a dart slug corpse.
Found 5 poisoned darts.
An endoplasm comes into view.
Found a stone staircase leading up.
The endoplasm quivers.
The endoplasm hits you but does no damage.
You hit the endoplasm.
You touch the endoplasm.
You kill the endoplasm!
No target in view!
No target in view!
No target in view!
No target in view!
No target in view!
No target in view!
No target in view!
No target in view!
No target in view!
No target in view!
An endoplasm comes into view.
An endoplasm is nearby!
An endoplasm is nearby!
There is a stone staircase leading up here.
The helpless endoplasm fails to defend itself.
You puncture the endoplasm!
You kill the endoplasm!
No target in view!
No target in view!
No target in view!
No target in view!
No target in view!
No target in view!
No target in view!
A ball python comes into view.
A ball python is nearby!
An orc wizard comes into view. It is wielding a +0 dagger.
The ball python hisses angrily.
The orc wizard shouts!
An orc comes into view. It is wielding a +0 club.
The ball python closely misses you. The ball python barely misses you.
The ball python closely misses you. The ball python misses you.
The orc wizard casts a spell.
The orc wizard flickers and vanishes!
Deactivating autopickup; reactivate with Ctrl-A.
You hear a shout!
The orc shouts!
You hit the ball python.
You kill the ball python!
An orc comes into view. It is wielding a +0 club.
You see here a ball python corpse.
A hobgoblin comes into view.
Found a scroll labelled TEIQUFO NUUPTY.
The orc shouts!
The hobgoblin shouts!
Something hits you but does no damage.
You closely miss something. Your touch misses something.
You closely miss the orc.
A kobold comes into view. It is wielding a +0 short sword.
The kobold shouts!
You hit the orc.
The orc is severely wounded.
A quokka comes into view.
The orc hits you but does no damage. Something hits you but does no damage.
There are monsters nearby!
You hit the orc.
You kill the orc!
The hobgoblin hits you but does no damage.
Something barely misses you.
A kobold comes into view. It is wielding a +0 dagger.
You hit the orc but do no damage. Your touch misses the orc.
The orc closely misses you. Something hits you.
The hobgoblin closely misses you.
You hit the orc but do no damage.
You touch the orc!
The orc is almost dead.
The orc hits you but does no damage.
The hobgoblin hits you but does no damage.
You hear some strange, mumbled words.
A puff of flame appears from out of thin air!
The puff of flame misses you.
You hit the orc.
You kill the orc!
Something hits you. The hobgoblin closely misses you.
You barely miss the hobgoblin. You hit the hobgoblin.
Your touch misses the hobgoblin.
The hobgoblin is heavily wounded.
Something hits you. The hobgoblin misses you.
You hit the hobgoblin.
You kill the hobgoblin!
The kobold misses you. Something completely misses you.
The quokka bites you but does no damage.
You hit the quokka.
The quokka is almost dead.
Something hits you. The kobold closely misses you.
The quokka bites you but does no damage.
You hit the quokka.
You kill the quokka!
The kobold barely misses you. The kobold misses you.
Something barely misses you.
You hit the kobold but do no damage. The kobold misses you. x2
Something hits you.
You barely miss the kobold.
You hear some strange, mumbled words.
You are confused.
The kobold closely misses you. The kobold barely misses you.
You are too confused!
You are too confused!
You are too confused!
You are too confused!
You are too confused!
You are too confused!
You are too confused!
You are too confused!
You are too confused!
You are too confused!
You are too confused!
You are too confused!
You are too confused!
You are too confused!
You are too confused!
You are too confused!
You are too confused!
You are too confused!
You are too confused!
You are too confused!
You are too confused!
You miss the kobold. The kobold closely misses you. x2
You hear some strange, mumbled words.
Something tries to affect you, but you resist.
You bump into the rock wall.
The kobold hits you but does no damage. x2
Something barely misses you. The kobold closely misses you.
Something hits you but does no damage. The kobold misses you.
Items here: )) [ †.
Found a cloak.
Found a stone staircase leading up.
The kobold throws a stone.
The stone closely misses you. The kobold completely misses you.
Something hits you.
You bump into the rock wall.
The kobold throws a stone.
The stone misses you. The kobold barely misses you.
Something closely misses you.
You miss something.
You feel less confused.
You closely miss something. Your touch misses something.
The kobold hits you but does no damage. Something hits you.
You hit something.
The kobold hits you with a +0 short sword.
The kobold misses you. Something hits you but does no damage.
You barely miss something.
The kobold hits you with a +0 short sword.
Something barely misses you. The kobold misses you.
You miss something. The kobold barely misses you.
The kobold hits you but does no damage. Something hits you but does no damage.
You closely miss something. Your touch misses something.
The kobold hits you with a +0 short sword.
The kobold barely misses you.
You hear some strange, mumbled words.
A puff of flame appears from out of thin air!
The puff of flame misses you.
You miss something. Something hits you. The kobold hits you but does no damage.
The kobold closely misses you.
You hit the kobold.
The kobold is severely wounded.
The kobold barely misses you. The kobold hits you but does no damage.
Something hits you but does no damage.
You hit the kobold.
The kobold is heavily wounded.
You hit the kobold.
You kill the kobold!
The kobold hits you with a +0 dagger.
* * * LOW HITPOINT WARNING * * *
Something closely misses you.
You hit the kobold.
You kill the kobold!
Something hits you but does no damage.
You miss something.
You hear some strange, mumbled words.
A puff of flame appears from out of thin air!
The puff of flame hits you!
* * * LOW HITPOINT WARNING * * *
You hit something.
You hear some strange, mumbled words.
Something tries to affect you, but you resist.
You hit something. Something hits you but does no damage.
You completely miss something. Your touch misses something.
Something hits you but does no damage.
You closely miss something.
You touch something!
Reactivating autopickup.
You feel a bit more experienced.
You have reached level 4!
You feel clever.
Your demonic ancestry asserts itself...
You begin to radiate repulsive energy.
A dart slug comes into view.
A dart slug is nearby!
A dart slug is nearby!
Things that are here:
a +0 dagger; a +0 robe You see here a ball python corpse.
o - a +4 ring of slaying
Okay, then.
o - a +4 ring of slaying (right hand)
You see here a ball python corpse.
A dart slug is nearby!
A dart slug is nearby!
A dart slug is nearby!
A sourceless malevolence fills the Dungeon...
You fall into a shaft and drop 2 floors!
The shaft crumbles and collapses.
Found 24 gold pieces.
You now have 130 gold pieces (gained 8).
You now have 146 gold pieces (gained 16).
You see here a staff of cold.
Dowan, Brother of Duvessa comes into view.
He is wielding a +0 dagger.
Dowan shouts!
Dowan moves out of view.
Duvessa, Sister of Dowan comes into view.
She is wielding a +0 rapier and wearing a +1 leather armour of cold resistance.
Duvessa is nearby!
Duvessa is nearby!
Duvessa moves out of view.
Dowan is nearby!
Dowan is nearby!
Dowan casts a spell at you.
You are outlined in light.
Dowan points at you and mumbles some strange words.
The puff of frost hits you.
You hit Dowan.
Dowan is lightly wounded.
You puncture Dowan! Your punch misses Dowan.
Dowan is moderately wounded.
Dowan closely misses you.
You barely miss Dowan. Your touch misses Dowan.
Dowan is moderately wounded.
Dowan barely misses you.
You hit Dowan.
You touch Dowan!
Dowan is almost dead.
Dowan barely misses you.
You hit Dowan but do no damage.
Dowan is almost dead.
Dowan closely misses you.
You barely miss Dowan.
Dowan is almost dead.
Dowan misses you.
You hit Dowan.
You kill Dowan!
You hear a distant scream of rage.
Your Long Blades skill increases to level 5!
You have reached level 5!
Your demonic ancestry asserts itself...
Your repulsive radiation grows stronger.
Things that are here:
a +0 dagger; a +0 robe You start resting.
HP restored.
You are no longer glowing.
Duvessa is nearby!
Duvessa is nearby!
Duvessa is nearby!
Duvessa goes berserk!
Duvessa hits you with a +0 rapier.
You hit Duvessa.
You touch Duvessa!
Duvessa is moderately wounded.
Duvessa hits you with a +0 rapier!
You are too injured to fight recklessly!
You are too injured to fight recklessly!
You are too injured to fight recklessly!
You are too injured to fight recklessly!
You are too injured to fight recklessly!
You are too injured to fight recklessly!
You are too injured to fight recklessly!
You are too injured to fight recklessly!
You are too injured to fight recklessly!
You are too injured to fight recklessly!
You are too injured to fight recklessly!
You are too injured to fight recklessly!
You are too injured to fight recklessly!
You are too injured to fight recklessly!
You are too injured to fight recklessly!
You are too injured to fight recklessly!
You are too injured to fight recklessly!
You are too injured to fight recklessly!
You are too injured to fight recklessly!
You are too injured to fight recklessly!
You are too injured to fight recklessly!
You are too injured to fight recklessly!
You hit Duvessa. Your touch misses Duvessa.
Duvessa is moderately wounded.
Duvessa closely misses you. Duvessa completely misses you.
You barely miss Duvessa.
Duvessa is moderately wounded.
Duvessa hits you with a +0 rapier!
* * * LOW HITPOINT WARNING * * *
You hit Duvessa but do no damage.
Duvessa is moderately wounded.
Duvessa misses you.
You barely miss Duvessa.
Duvessa is moderately wounded.
Duvessa hits you with a +0 rapier!
You die...

#.#
#.#.###.#.......#
#.# #.#.#
#...#.#...# #.#
#.#.# #...#.# ....
#.####.#.###...#.#
.
#.................
#.###...####.#.#.##
#.###.............
........########e##
#.####..# #@# #.#
#..# #.#
#.####..########.#
#................#
#.#####.##########
### ###


You could see Duvessa (berserk).

Vanquished Creatures
  Dowan (D:5)
  An orc wizard (D:3)
  An adder (D:2)
  2 dart slugs
  3 orcs (D:3)
  4 ball pythons
  4 bats
  4 endoplasms
  A giant cockroach (D:1)
  4 goblins (D:1)
  7 hobgoblins
  2 jackals (D:2)
  7 kobolds
  2 quokkas
  3 frilled lizards (D:1)
  2 rats
48 creatures vanquished.

Notes
Turn   | Place    | Note
-------+----------+-------------------------------------------
     0 | D:1      | sleeves the Demonspawn Monk began the quest for the Orb.
     0 | D:1      | Reached XP level 1. HP: 18/18 MP: 1/1
    80 | D:1      | Reached skill level 3 in Long Blades
   132 | D:1      | Gained mutation: Your touch may inflict minor irresistible
                  | damage on your foes. [demonic ancestry]
   132 | D:1      | Reached XP level 2. HP: 24/24 MP: 2/2
   559 | D:1      | Gained mutation: Your touch may inflict irresistible damage
                  | on your foes. [demonic ancestry]
   559 | D:1      | Reached XP level 3. HP: 22/29 MP: 3/3
   865 | D:2      | Reached skill level 4 in Long Blades
  1370 | D:3      | HP: 13/29 [kobold/+0 dagger (3)]
  1377 | D:3      | Gained mutation: You are surrounded by a mild repulsion
                  | field. (EV +2) [demonic ancestry]
  1377 | D:3      | Reached XP level 4. HP: 9/35 MP: 4/4
  1483 | D:3      | You fall into a shaft and drop 2 floors!
  1483 | D:5      | Entered Level 5 of the Dungeon
  1530 | D:5      | Noticed Dowan
  1531 | D:5      | Noticed Duvessa
  1572 | D:5      | Killed Dowan
  1573 | D:5      | Reached skill level 5 in Long Blades
  1573 | D:5      | Gained mutation: You are surrounded by a moderate repulsion
                  | field. (EV +3) [demonic ancestry]
  1573 | D:5      | Reached XP level 5. HP: 37/41 MP: 5/5
  1627 | D:5      | HP: 7/41 [Duvessa/+0 rapier (16)]
  1629 | D:5      | Slain by Duvessa

Illustrated notes

Levels and vault maps discovered:
D:1:      dpeg_arrival_stone_temple_mockup, layout_loops_ring,
          minmay_tromino_v4_a
D:2:      layout_basic
D:3:      minmay_angry_zag, layout_rooms, nemelex_xobeh_ov_fountains_minmay
D:5:      layout_basic, nicolae_figureground_pulse, uniq_duvessa, uniq_sigmund

Skill      XL: |  1  2  3  4 |
---------------+-------------+-----
Long Blades    | 3 4 5 |  5.2
Fighting       | |  3.0
Dodging        | |  2.6
Stealth        | |  1.7

Action                   |  1- 3 |  4- 6 || total
-------------------------+-------+-------++-------
Melee: Falchion          |    76 |       ||    76
       Punch             |     1 |       ||     1
       Touch             |    18 |     2 ||    20
       Dagger            |    43 |    12 ||    55
 Stab: Sleeping          |     2 |       ||     2
Armor: Robe              |    13 |       ||    13
       Ring mail         |    27 |       ||    27
Dodge: Dodged            |    96 |     8 ||   104

Table legend: (Time is in decaauts)
 A = Elapsed time spent in this place.
 B = Non-inter-level travel time spent in this place.
 C = Inter-level travel time spent in this place.
 D = Time resting spent in this place.
 E = Time spent auto-exploring this place.
 F = Levels seen in this place.
 G = Mean time per level.
                   A        B        C        D        E       F      G
               +--------+--------+--------+--------+--------+-----+--------+
         Total |   1630 |   1577 |     53 |      8 |   1207 |   4 |  407.5 |
       Dungeon |   1630 |   1577 |     53 |      8 |   1207 |   4 |  407.5 |
               +--------+--------+--------+--------+--------+-----+--------+

Top non-repeatable levels by time:
     D:1: 747 daAuts
     D:2: 531 daAuts
     D:3: 206 daAuts
     D:5: 144 daAuts
